 Dungeon Crawl Stone Soup version 0.30-a0-830-gfe289a77b0 (webtiles) character file.

Game seed: 8532618355711009004

86 cforsyth the Sneak (level 4, -5/28 HPs)
             Began as a Kobold Brigand on Mar 1, 2023.
             Slain by a gnoll
             ... wielding a +0 whip
              (6 damage)
             ... on level 2 of the Dungeon.
             The game lasted 00:01:40 (1580 turns).

cforsyth the Sneak (Kobold Brigand)                 Turns: 1580, Time: 00:01:40

Health: -5/28      AC:  3    Str:  8    XL:     4   Next: 77%
Magic:  4/4        EV: 15    Int: 12    God:
Gold:   62         SH:  0    Dex: 18    Spells: 3/3 levels left

rFire   . . .      SeeInvis .    a - +2 dagger
rCold   . . .      Faith    .    (no shield)
rNeg    . . .      Spirit   .    b - +0 robe
rPois   .          Reflect  .    (no helmet)
rElec   .          Harm     .    c - +0 cloak
rCorr   .          Rampage  .    (no gloves)
Will    .....                    (no boots)
Stlth   ++++                     i - amulet of magic regeneration
HPRegen 0.24/turn                (no ring)
MPRegen 0.49/turn                (no ring)

@: no status effects
A: small, no large weapons, nightstalker 3
a: no special abilities


You were on level 2 of the Dungeon.
You visited 1 branch of the dungeon, and saw 2 of its levels.

You collected 62 gold pieces.

Inventory:

Hand Weapons
 a - a +2 dagger (weapon)
Missiles
 d - 9 poisoned darts (quivered)
 e - 3 curare-tipped darts
Armour
 b - a +0 robe (worn)
 c - a +0 cloak (worn)
Jewellery
 i - an amulet of magic regeneration (around neck)
Scrolls
 f - 4 scrolls of identify {unknown}
 g - a scroll of magic mapping {unknown}
 h - a scroll of teleportation {unknown}
 m - a scroll of fog {unknown}
Potions
 j - 4 potions of curing {unknown}
 k - 3 potions of mutation {unknown}
 l - a potion of lignification {unknown}


   Skills:
 + Level 3.1 Fighting
 + Level 3.8 Short Blades
 - Level 2.1 Throwing
 + Level 2.6 Dodging
 + Level 6.0 Stealth


You had 3 spell levels left.
You didn't know any spells.
Your spell library contained the following spells:

 Spells                   Type           Power      Damage    Failure   Level
 Summon Small Mammal      Summ           0%         N/A       32%         1
 Cigotuvi's Dreadful Rot  Necr/Pois/Air  0%         N/A       45%         2
 Poisonous Vapours        Pois/Air       0%         N/A       45%         2
 Call Canine Familiar     Summ           0%         N/A       69%         3
 Mephitic Cloud           Conj/Pois/Air  0%         N/A       69%         3
 Summon Guardian Golem    Hex/Summ       0%         N/A       69%         3


Dungeon Overview and Level Annotations

Branches:
Dungeon (2/15)

Altars:

Shops:
D:2 (


Innate Abilities, Weirdness & Mutations

You are small and have problems with some larger weapons.
You are completely attuned to the shadows.


Message History

You spit the goblin like a pig!!!
You kill the goblin!
A gnoll comes into view. It is wielding a +0 halberd.
The helpless giant cockroach fails to defend itself.
You impale the giant cockroach!!
You kill the giant cockroach!
A gnoll comes into view. It is wielding a +0 whip.
You see here a giant cockroach corpse.
The gnoll shouts! x2; You hear a shout!
A gnoll comes into view.
It is wielding a +0 flail of protection.
The gnoll barely misses you.
The gnoll shouts!
The gnoll misses you. The gnoll barely misses you.
You closely miss the gnoll. You barely miss the gnoll.
The gnoll hits you with a +0 whip.
A gnoll comes into view. It is wielding a +0 spear.
You hit the gnoll.
The gnoll is moderately wounded.
The gnoll closely misses you. The gnoll hits you with a +0 whip.
You hit the gnoll.
The gnoll is moderately wounded.
The gnoll misses you.
The gnoll hits you from afar with a +0 halberd!
You are too injured to fight recklessly!
You are too injured to fight recklessly!
You are too injured to fight recklessly!
You are too injured to fight recklessly!
You are too injured to fight recklessly!
You are too injured to fight recklessly!
The gnoll attacks as you move away! The gnoll hits you with a +0 whip.
* * * LOW HITPOINT WARNING * * *
The gnoll attacks as you move away! The gnoll barely misses you.
The gnoll completely misses you. The gnoll attacks as you move away!
The gnoll barely misses you.
A jackal comes into view.
The gnoll attacks as you move away!
The gnoll hits you with a +0 flail of protection!
* * * LOW HITPOINT WARNING * * *
The gnoll attacks as you move away! The gnoll hits you with a +0 whip.
You die...

###....##.....†........##......#
# #######..................###.#
. #...#................#.# .
+...+....''#..#........#
#...#....#.#..#....#####
###...#....#h##[#......... #
...........#....#......### .
.......g.g......<......# .
........gg@.........#..# .
.......####.........#..# ..
......†.............'..#### ..
.........)..........##..... ...
...........####..########## ...
..........#.....####### ...
.....#####...........# ...
##................##.# ...
#.................##.#


You could see 4 gnolls and a jackal (wandering).

Vanquished Creatures
  3 adders (D:2)
  A worm (D:2)
  2 dart slugs (D:1)
  7 ball pythons
  An endoplasm (D:1)
  2 giant cockroaches (D:2)
  9 goblins
  4 hobgoblins
  4 jackals (D:2)
  2 quokkas
  3 bats
  3 frilled lizards (D:1)
  3 kobolds
  5 rats
49 creatures vanquished.

Notes
Turn   | Place    | Note
-------+----------+-------------------------------------------
     0 | D:1      | cforsyth the Kobold Brigand began the quest for the Orb.
     0 | D:1      | Reached XP level 1. HP: 12/12 MP: 1/1
    76 | D:1      | Reached XP level 2. HP: 18/18 MP: 2/2
   300 | D:1      | Found a faded altar of an unknown god.
   458 | D:1      | Reached XP level 3. HP: 22/22 MP: 3/3
  1142 | D:2      | Reached XP level 4. HP: 25/27 MP: 4/4
  1247 | D:2      | Found Dack's Weapon Emporium.
  1324 | D:2      | Reached skill level 6 in Stealth
  1580 | D:2      | HP: 1/28 [gnoll/+0 flail of protection (9)]
  1580 | D:2      | Slain by a gnoll

Illustrated notes

Levels and vault maps discovered:
D:1:      dpeg_arrival_prison, layout_loops_ring,
          shapermc_ecumenical_altar_hornbeckon
D:2:      layout_basic, serial_shops, nicolae_shop_window_shopping

Skill      XL: |  1  2  3  4 |
---------------+-------------+-----
Short Blades   | 3 |  3.8
Dodging        | 2 |  2.6
Fighting       | 3 |  3.1
Stealth        | 6 |  6.0
Throwing       | |  2.1

Action                     |  1- 3 |  4- 6 || total
---------------------------+-------+-------++-------
  Melee: Dagger            |    51 |    69 ||   120
   Stab: Sleeping          |    25 |     3 ||    28
         Distracted        |       |     1 ||     1
 Armour: Robe              |     3 |    12 ||    15
  Dodge: Dodged            |    25 |    56 ||    81

Table legend: (Time is in decaauts)
 A = Elapsed time spent in this place.
 B = Non-inter-level travel time spent in this place.
 C = Inter-level travel time spent in this place.
 D = Time resting spent in this place.
 E = Time spent auto-exploring this place.
 F = Levels seen in this place.
 G = Mean time per level.
                   A        B        C        D        E       F      G
               +--------+--------+--------+--------+--------+-----+--------+
         Total |   1564 |   1479 |     85 |      0 |   1186 |   2 |  782.0 |
       Dungeon |   1564 |   1479 |     85 |      0 |   1186 |   2 |  782.0 |
               +--------+--------+--------+--------+--------+-----+--------+

Top non-repeatable levels by time:
     D:1: 962 daAuts
     D:2: 602 daAuts
